AoeStats
← Dropkick Goose

Arena

509961567Analyzed
1v1 RM · 3d ago on Sep 28, 2026· 27m 30s· 2 players
Game mode
Random Map
Map size
Tiny (2 player)
Population
200
Speed
Normal
Resources
Standard
Victory
Conquest
Starting age
Dark Age
Ending age
Imperial Age
RankedLock teamsTeams togetherTeam positionsShared explorationLock speedFull tech treeHidden civsTurbo modeCheats
Victory
Defeat
🇨🇱 Spanish · Chile
997
+16
🇺🇸 Lithuanians · United States
1000
-48
StarPlatinumEM
11:14 Feudal Age
14:03 Double-Bit Axe
16:24 Castle Age
16:08 Loom
19:33 Bow Saw
19:07 Horse Collar
Dropkick Goose
6:35 Loom
10:41 Feudal Age
11:17 Horse Collar
11:27 Double-Bit Axe
14:57 Wheelbarrow
18:20 Forging
18:31 Forging
18:29 Scale Barding Armor
18:32 Man-at-Arms
21:44 Castle Age
24:10 Scale Mail Armor
Connection lost

Rejoining the realm…

Still unreachable

The connection could not be restored.

Session expired

The server has moved on; the page needs a fresh start.